[Event "Titled Tuesday Blitz February 14 Late 2023"]
[White "Curtis, John"]
[Black "Jesusesmifuerza"]
[WhiteFideId "3200256"]
[WhiteElo "2292"]
[BlackElo "2001"]
[Result "1-0"]
[Round "06"]
[TimeControl "180+2"]
[Date "2023.02.14"]
[WhiteClock "0:01:41"]
[BlackClock "0:00:03"]

1. e4 c5 2. Nf3 e6 3. d4 cxd4 4. Nxd4 Nf6 5. Nc3 Nc6 6. Nxc6 bxc6 7. e5 Nd5 8. Ne4 Qc7 9. f4 Qb6 10. c4 Bb4+ 11. Ke2 Ba6 12. Kf3 f5 13. Nf2 Ne7 14. Be3 Bc5 15. Bxc5 Qxc5 16. Rc1 O-O 17. Qd6 Qxd6 18. exd6 Ng6 19. g3 c5 20. Nd3 Bb7+ 21. Kf2 Bxh1 22. Nxc5 Bc6 23. b4 Rfb8 24. b5 Be4 25. Ke3 Rd8 26. Nxe4 fxe4 27. c5 Rdc8 28. Bg2 e5 29. f5 Nf8 30. Bxe4 g6 31. Bxa8 Rxa8 32. g4 Rc8 33. Ke4 gxf5+ 34. gxf5 Kf7 35. Kxe5 h5 36. c6 Rb8 37. Rc5 Ke8 38. c7 1-0


[Site "https://www.chess.com"]

[Event "Titled Tuesday Blitz February 14 Late 2023"]
[White "Sailer, Mike"]
[Black "Vargas, Mauricio"]
[WhiteFideId "2012901"]
[BlackFideId "4404572"]
[WhiteElo "2109"]
[BlackElo "2035"]
[Result "1-0"]
[Round "06"]
[TimeControl "180+2"]
[Date "2023.02.14"]
[WhiteClock "0:00:04"]
[BlackClock "0:00:05"]

1. d4 d5 2. Bg5 h5 3. Nc3 a6 4. e4 f6 5. Bf4 g5 6. Be3 dxe4 7. Nxe4 Bf5 8. Bd3 Nc6 9. c3 Bh7 10. Qc2 Nh6 11. Nxf6+ exf6 12. Bxh7 Qe7 13. Bg6+ Nf7 14. Bf5 Nxd4 15. cxd4 Nd6 16. Bg6+ Kd8 17. O-O-O Kc8 18. Ne2 Kb8 19. Nc3 b6 20. Nd5 Qg7 21. Bd3 Ka7 22. Kb1 Rc8 23. Rc1 Kb8 24. Qc6 a5 25. Ba6 Re8 26. Nxf6 Rd8 27. Nd5 Rd7 28. Rhd1 Qf6 29. Rd2 Qf5+ 30. Rdc2 1-0


[Site "https://www.chess.com"]

[Event "Titled Tuesday Blitz February 14 Late 2023"]
[White "Bortnyk, Olexandr"]
[Black "Livaic, Leon"]
[WhiteFideId "14120828"]
[BlackFideId "14531534"]
[WhiteElo "2605"]
[BlackElo "2579"]
[Result "1-0"]
[Round "07"]
[TimeControl "180+2"]
[Date "2023.02.14"]
[WhiteClock "0:00:18"]
[BlackClock "0:00:12"]

1. d4 e6 2. Nc3 Bb4 3. e4 d5 4. Qd3 Ne7 5. a3 Bxc3+ 6. bxc3 b6 7. Qg3 O-O 8. Bd3 Ba6 9. Nf3 Bxd3 10. cxd3 c5 11. h4 cxd4 12. Bh6 Ng6 13. h5 gxh6 14. hxg6 hxg6 15. Rxh6 Kg7 16. Qh2 Rh8 17. Qe5+ f6 18. Rxh8 Kxh8 19. Qxe6 dxe4 20. Qf7 exf3 21. O-O-O fxg2 22. Qxg6 Qd5 23. Qxf6+ Kg8 24. Rg1 Nd7 25. Qg6+ Kf8 26. Rxg2 Ke7 27. c4 Qe6 28. Qg7+ Kd6 29. Rg6 Re8 30. Qxd4+ Kc7 31. Rxe6 Rxe6 32. f4 a5 33. f5 Rd6 34. Qf4 Kc6 35. Kc2 Rf6 36. d4 Kb7 37. Kb3 Rc6 38. Qe4 Kc7 39. Qf4+ Kb7 40. Qf3 Kc7 41. Qg3+ Kb7 42. Qg7 Kc8 43. Qg8+ Kc7 44. Ka4 Rf6 45. Qg3+ Kb7 46. Qf3+ Kc7 47. Kb5 Rd6 48. Qf4 Nf6 49. c5 bxc5 50. dxc5 Ne8 51. cxd6+ Nxd6+ 52. Kc5 Kb7 53. Qxd6 a4 54. Kb5 Ka8 55. Qd7 Kb8 56. Kb6 Ka8 57. Qd8# 1-0


[Site "https://www.chess.com"]

[Event "Titled Tuesday Blitz February 14 Late 2023"]
[White "Hakobyan, Aram"]
[Black "Yu, Yangyi"]
[WhiteFideId "13306677"]
[BlackFideId "8603820"]
[WhiteElo "2608"]
[BlackElo "2729"]
[Result "1-0"]
[Round "07"]
[TimeControl "180+2"]
[Date "2023.02.14"]
[WhiteClock "0:00:04"]
[BlackClock "0:00:03"]

1. e4 e5 2. Nf3 Nc6 3. Bc4 Nf6 4. d3 Bc5 5. O-O O-O 6. h3 d6 7. c3 a5 8. Re1 Be6 9. Bb5 Ba7 10. Be3 Bxe3 11. Rxe3 Ne7 12. d4 Ng6 13. Bf1 a4 14. c4 c6 15. Nc3 Qa5 16. Qd2 h6 17. Rd1 Rfc8 18. a3 Qb6 19. g3 Re8 20. Kg2 Qc7 21. d5 cxd5 22. Nb5 Qb6 23. cxd5 Bd7 24. Qb4 Ra6 25. Rc1 Rd8 26. Nd2 Ne7 27. Nc3 Qxb4 28. axb4 Raa8 29. Nc4 Nc8 30. b5 Be8 31. Ra1 Kf8 32. f3 Ke7 33. Ra3 b6 34. b3 Nd7 35. bxa4 Nc5 36. Re1 Rd7 37. Rea1 Rda7 38. a5 bxa5 39. Rxa5 Rxa5 40. Rxa5 Rxa5 41. Nxa5 Nb6 42. Nc4 1-0


[Site "https://www.chess.com"]

[Event "Titled Tuesday Blitz February 14 Late 2023"]
[White "Mamedov, Rauf"]
[Black "Bluebaum, Matthias"]
[WhiteFideId "13401653"]
[BlackFideId "24651516"]
[WhiteElo "2646"]
[BlackElo "2669"]
[Result "1/2-1/2"]
[Round "07"]
[TimeControl "180+2"]
[Date "2023.02.14"]
[WhiteClock "0:00:04"]
[BlackClock "0:00:04"]

1. e4 e6 2. d4 d5 3. Nd2 c5 4. exd5 Qxd5 5. dxc5 Nf6 6. Ngf3 Qxc5 7. Bd3 Nbd7 8. Qe2 Qc7 9. Nb3 Be7 10. O-O O-O 11. c3 b6 12. Ba6 Nc5 13. Bxc8 Raxc8 14. Bg5 Rfd8 15. Rfd1 Nd5 16. Bxe7 Qxe7 17. g3 h6 18. Nbd4 Qb7 19. Ne5 Nf6 20. Qf3 Qxf3 21. Nexf3 Na4 22. Rab1 Ne4 23. Re1 Nf6 24. Ne5 Rd6 25. Re2 a6 26. Kg2 Nd7 27. Nef3 b5 28. Rbe1 g6 29. h4 h5 30. Ng5 Kg7 31. Rd1 Kg8 32. Red2 Rd5 33. Ne4 Nac5 34. f3 Kg7 35. Ng5 Kg8 36. Ne4 Kg7 37. Ng5 Kg8 38. Nb3 Nf6 39. Nxc5 Rcxc5 40. Kf2 a5 41. a3 Kg7 42. Rd4 Rc8 43. Ne4 Rxd4 44. Rxd4 Nd5 45. Nd6 Rb8 46. Ne4 Kf8 47. Ng5 Ke7 48. Ke2 Nb6 49. Kd3 Nc4 50. Kc2 Ne3+ 51. Kb3 Nf5 52. Rf4 f6 53. Nh7 e5 54. Re4 Rh8 55. g4 Nd6 56. Nxf6 Kxf6 57. Re1 hxg4 58. fxg4 Rxh4 59. Rd1 Ke6 60. a4 bxa4+ 61. Kxa4 Rxg4+ 62. Kxa5 Nc4+ 63. Kb5 Nxb2 64. Rd8 e4 65. Re8+ Kd7 66. Re5 Nd3 67. Rd5+ Ke6 68. Rd4 Ke5 69. Rd8 Rg1 70. Kc4 Ra1 71. Re8+ Kf4 72. Kd4 Nf2 73. Rf8+ Kg3 74. c4 Rd1+ 75. Ke3 Rd3+ 76. Ke2 Rf3 77. Rg8 Rf6 78. c5 Ng4 79. Re8 e3 80. Kd3 Rc6 81. Kd4 Kf3 82. Rf8+ Rf6 83. Re8 e2 84. Kd3 Kf2 85. Rxe2+ Kf1 86. Re8 Nf2+ 87. Kd4 g5 88. Rg8 g4 89. Ke5 Ra6 90. Kd5 Ke2 91. c6 Ra5+ 92. Ke6 Ra6 93. Kd7 Nd3 94. Kd6 Nb4 95. Rxg4 Rxc6+ 96. Kd7 Rb6 97. Kc7 Nd5+ 98. Kd7 Rb3 99. Re4+ Kd3 100. Rh4 Nf6+ 101. Ke6 Rb6+ 102. Kf5 Nd5 103. Ke5 Ne3 104. Rd4+ Kc3 105. Rd8 Nc4+ 106. Kd5 Rb5+ 107. Ke4 Re5+ 108. Kf4 Re7 109. Kf5 Ne3+ 110. Kf4 Nc2 111. Rc8+ Kd3 112. Rd8+ Nd4 113. Rd6 Rf7+ 114. Kg5 Ke4 115. Kg6 Rf1 116. Rf6 Rg1+ 117. Kf7 Nf5 118. Re6+ Kd5 119. Ra6 Nd6+ 120. Kf6 Rf1+ 121. Kg5 Ke6 122. Kg4 Rf8 123. Kg3 Ke5 124. Kg2 Nf5 125. Ra5+ Ke4 126. Kf2 Nd4+ 127. Kg2 Rg8+ 128. Kf2 Rh8 129. Kg2 Rf8 130. Rh5 Ke3 131. Rh3+ Ke2 132. Rh7 Rg8+ 133. Kh3 Kf2 134. Re7 Nf3 135. Re2+ Kf1 136. Rf2+ Kxf2 1/2-1/2


[Site "https://www.chess.com"]

[Event "Titled Tuesday Blitz February 14 Late 2023"]
[White "Andreikin, Dmitry"]
[Black "Urazayev, Arystanbek"]
[WhiteFideId "4158814"]
[BlackFideId "13709810"]
[WhiteElo "2729"]
[BlackElo "2460"]
[Result "1-0"]
[Round "07"]
[TimeControl "180+2"]
[Date "2023.02.14"]
[WhiteClock "0:00:23"]
[BlackClock "0:00:09"]

1. c4 e6 2. Nc3 d5 3. d4 Nf6 4. cxd5 exd5 5. Bg5 c6 6. e3 Bd6 7. Bd3 O-O 8. Nge2 Re8 9. h3 a5 10. Qc2 h6 11. Bh4 Na6 12. Bxa6 Rxa6 13. g4 b5 14. Rg1 a4 15. g5 Nh5 16. O-O-O a3 17. b3 b4 18. Na4 Re4 19. Bg3 Nxg3 20. Nxg3 Re6 21. Nf5 hxg5 22. h4 Rf6 23. Nxd6 Qxd6 24. Rxg5 Qh2 25. Rdg1 g6 26. h5 Bf5 27. Qd2 Be4 28. f4 Qxd2+ 29. Kxd2 Ra8 30. Nc5 Bf5 31. hxg6 fxg6 32. Rh1 Kg7 33. Rg2 Rff8 34. Rgh2 Kf6 35. Rh7 Rab8 36. Rc7 Rfc8 37. Ra7 Rh8 38. Rah7 Rxh7 39. Rxh7 Bb1 40. Nd7+ Kf5 41. Nxb8 1-0


[Site "https://www.chess.com"]

[Event "Titled Tuesday Blitz February 14 Late 2023"]
[White "Paravyan, David"]
[Black "Samsonkin, Artiom"]
[WhiteFideId "4194985"]
[BlackFideId "13503111"]
[WhiteElo "2601"]
[BlackElo "2420"]
[Result "1-0"]
[Round "07"]
[TimeControl "180+2"]
[Date "2023.02.14"]
[WhiteClock "0:01:15"]
[BlackClock "0:00:23"]

1. d4 e6 2. c4 d5 3. Nf3 Nf6 4. g3 Be7 5. Bg2 O-O 6. O-O dxc4 7. Qc2 b5 8. a4 Bb7 9. axb5 a6 10. Nc3 Nbd7 11. bxa6 Rxa6 12. Rxa6 Bxa6 13. Rd1 Qb8 14. Bf4 Bd6 15. Ne5 Qb3 16. Qxb3 cxb3 17. Ra1 Bc8 18. Ra7 Nb6 19. e4 h6 20. Be3 Bxe5 21. dxe5 Ng4 22. Bc5 Rd8 23. Rxc7 Na4 24. Be7 Rd2 25. Rxc8+ Kh7 26. Nxa4 1-0


[Site "https://www.chess.com"]

[Event "Titled Tuesday Blitz February 14 Late 2023"]
[White "Terry, Renato"]
[Black "Boros, Denes"]
[WhiteFideId "3803457"]
[BlackFideId "722340"]
[WhiteElo "2520"]
[BlackElo "2406"]
[Result "1-0"]
[Round "07"]
[TimeControl "180+2"]
[Date "2023.02.14"]
[WhiteClock "0:00:11"]
[BlackClock "0:00:04"]

1. d4 Nf6 2. Nf3 d5 3. c4 c5 4. dxc5 e6 5. e3 Bxc5 6. a3 O-O 7. b4 Be7 8. Bb2 a5 9. b5 Nbd7 10. Nbd2 a4 11. Be2 b6 12. cxd5 exd5 13. Nd4 Bb7 14. O-O Nc5 15. Rc1 Re8 16. N2f3 Nfe4 17. Nc6 Qd6 18. Nxe7+ Rxe7 19. Nd4 Qg6 20. Bh5 Qg5 21. Qe2 g6 22. Bf3 h5 23. Rfd1 Kh7 24. Rc2 Rae8 25. Rdc1 h4 26. h3 Nd6 27. Bc3 Nb3 28. Rd1 Nc4 29. Bb4 Rc7 30. Nc6 Bxc6 31. bxc6 Ne5 32. Bxd5 Qf5 33. f4 Nd7 34. cxd7 Rxc2 35. dxe8=Q Rxe2 36. Bc3 Rxg2+ 37. Bxg2 Qe5 1-0


[Site "https://www.chess.com"]

[Event "Titled Tuesday Blitz February 14 Late 2023"]
[White "Lenderman, Aleksandr"]
[Black "Pichot, Alan"]
[WhiteFideId "2021285"]
[BlackFideId "110973"]
[WhiteElo "2572"]
[BlackElo "2638"]
[Result "1/2-1/2"]
[Round "07"]
[TimeControl "180+2"]
[Date "2023.02.14"]
[WhiteClock "0:00:04"]
[BlackClock "0:00:06"]

1. Nf3 d5 2. b3 Nf6 3. Bb2 Bf5 4. Nh4 Bg6 5. Nxg6 hxg6 6. e3 e6 7. c4 c6 8. Nc3 Nbd7 9. d4 Bb4 10. a3 Bxc3+ 11. Bxc3 Ne4 12. Bb2 Qg5 13. Qf3 Ndf6 14. Be2 Nd6 15. h3 Nfe4 16. g3 Nf5 17. h4 Qe7 18. Bd3 Nf6 19. Ke2 Nd6 20. g4 O-O-O 21. c5 Nde4 22. g5 Nd7 23. Bxe4 dxe4 24. Qxe4 f5 25. gxf6 Qxf6 26. Rag1 Rhf8 27. f4 Nxc5 28. Qxg6 Nxb3 29. Qxf6 gxf6 30. Bc3 c5 31. dxc5 Nxc5 32. Bb4 b6 33. Rc1 Rd5 34. e4 Rh5 35. f5 exf5 36. Bxc5 bxc5 37. Rxc5+ Kd7 38. exf5 Kd6 39. Ra5 Rfh8 40. Rd1+ Kc6 41. Ra6+ Kb5 42. Rxf6 Rxh4 43. Re6 Rf4 44. Re5+ Kc4 45. Ke3 Rhh4 46. Rd7 a6 47. Rd6 Kb3 48. Rb6+ Ka2 49. Rxa6 Rf1 50. Rae6 Kxa3 51. Rb5 Ka4 52. Rb8 Rxf5 53. Ra6+ Ra5 54. Rab6 Rh3+ 55. Kf4 Ka3 56. Rb1 Ra4+ 57. Kg5 Rg3+ 58. Kf5 Ka2 59. R1b2+ Ka3 60. Rb1 Ka2 61. R1b2+ Ka3 62. Rb1 1/2-1/2


[Site "https://www.chess.com"]

[Event "Titled Tuesday Blitz February 14 Late 2023"]
[White "Pakleza, Zbigniew"]
[Black "Sjugirov, Sanan"]
[WhiteFideId "1119290"]
[BlackFideId "4189302"]
[WhiteElo "2494"]
[BlackElo "2712"]
[Result "1-0"]
[Round "07"]
[TimeControl "180+2"]
[Date "2023.02.14"]
[WhiteClock "0:00:18"]
[BlackClock "0:00:01"]

1. d4 Nf6 2. Nf3 g6 3. Bf4 Bg7 4. e3 d6 5. h3 O-O 6. Be2 b6 7. O-O Bb7 8. Nbd2 Nbd7 9. a4 a5 10. c3 Qe8 11. Bh2 e6 12. Qb3 Qe7 13. Rfd1 Kh8 14. Rac1 Ne4 15. Nxe4 Bxe4 16. Nd2 Bb7 17. Bf3 Bxf3 18. Nxf3 f5 19. Qc4 Nf6 20. Qc6 Nd5 21. Re1 Rad8 22. Rcd1 Nf6 23. b4 Ra8 24. b5 h6 25. c4 Ne4 26. Nd2 Nxd2 27. Rxd2 Rad8 28. Red1 g5 29. c5 f4 30. cxb6 cxb6 31. Qxb6 Qf6 32. exf4 gxf4 33. f3 Qg5 34. Qxa5 Rg8 35. Qb4 d5 36. b6 Bf8 37. Qb2 Bd6 38. a5 Ra8 39. Qb5 Qe7 40. a6 1-0


[Site "https://www.chess.com"]

[Event "Titled Tuesday Blitz February 14 Late 2023"]
[White "Indjic, Aleksandar"]
[Black "Mekhitarian, Krikor Sevag"]
[WhiteFideId "911925"]
[BlackFideId "2107660"]
[WhiteElo "2618"]
[BlackElo "2537"]
[Result "0-1"]
[Round "07"]
[TimeControl "180+2"]
[Date "2023.02.14"]
[WhiteClock "0:00:04"]
[BlackClock "0:00:07"]

1. d4 Nf6 2. c4 g6 3. Nc3 d5 4. Nf3 Bg7 5. h4 dxc4 6. e4 c5 7. d5 b5 8. h5 Nxh5 9. Nxb5 Qa5+ 10. Nc3 Nd7 11. Bd2 Rb8 12. Rb1 O-O 13. Be2 Qc7 14. Bxc4 Nb6 15. Bf1 e6 16. g4 Nf6 17. d6 Qd8 18. Bg5 e5 19. Nxe5 Bb7 20. f4 Re8 21. Bg2 Nbd7 22. Nc4 h6 23. Bxf6 Nxf6 24. Qd3 Nxg4 25. Kf1 Bd4 26. Qg3 h5 27. Bf3 Ba6 28. Be2 Bxc4 29. Bxc4 Ne3+ 30. Ke2 Nxc4 31. Rxh5 Bg7 32. e5 Nxd6 33. Rg1 Rxb2+ 34. Kf3 Qa8+ 35. Kg4 gxh5+ 36. Kxh5 Nf5 37. Qh3 Qc8 38. Ne4 Kf8 39. Rg5 Nd4 40. Qg3 Ne6 41. Rf5 Qc6 42. Nd6 Qh1+ 43. Kg4 Rg2 44. Rxf7+ Kg8 45. Qxg2 Qxg2+ 46. Kh4 Bf8 47. Rf6 Bxd6 48. exd6 Nf8 49. Rf5 Rd8 50. Rg5+ Qxg5+ 51. Kxg5 Rxd6 52. f5 Rd7 0-1


[Site "https://www.chess.com"]

[Event "Titled Tuesday Blitz February 14 Late 2023"]
[White "Fernandez Guillen, Ernesto J."]
[Black "Perez Ponsa, Federico"]
[WhiteFideId "3512428"]
[BlackFideId "117927"]
[WhiteElo "2477"]
[BlackElo "2532"]
[Result "0-1"]
[Round "07"]
[TimeControl "180+2"]
[Date "2023.02.14"]
[WhiteClock "0:00:04"]
[BlackClock "0:00:06"]

1. e4 c5 2. Nf3 d6 3. d3 Nc6 4. Nc3 g6 5. g3 Bg7 6. Bg2 e5 7. O-O Nge7 8. Nd2 O-O 9. f4 exf4 10. gxf4 f5 11. Nc4 Be6 12. Ne3 Qd7 13. Kh1 Rae8 14. Bd2 fxe4 15. dxe4 Bh3 16. Qf3 Bxg2+ 17. Qxg2 Nd4 18. Rad1 Kh8 19. Bc1 Qe6 20. Rde1 Qf7 21. Ncd5 Nxd5 22. Nxd5 Nc6 23. f5 gxf5 24. Bd2 Qg6 25. exf5 Rxe1 26. Rxe1 Qxg2+ 27. Kxg2 Rxf5 28. Re8+ Rf8 29. Re6 Be5 30. Bc3 Kg7 31. Rxd6 Nd4 32. Bxd4 cxd4 33. Re6 Bb8 34. Re4 Rc8 35. Re7+ Kg6 36. Re2 Rd8 37. Nb4 Bd6 38. Nd3 Kf5 39. Kf3 Rg8 40. a3 h5 41. b4 a6 42. Re4 Bxh2 43. Rxd4 Rg3+ 44. Kf2 Bg1+ 45. Kxg3 Bxd4 46. Kh4 Ke4 47. Kxh5 Kd5 48. Kg4 Kc4 49. Kf3 Kc3 50. Ke4 Bg1 51. Kd5 Kxc2 52. Ne5 Kb3 53. Nf3 Be3 54. Kd6 Kxa3 55. Kc7 Kxb4 56. Kxb7 a5 57. Ne5 a4 58. Nd3+ Kc3 59. Nc5 Bxc5 60. Kc6 a3 61. Kxc5 a2 62. Kd5 a1=Q 0-1


[Site "https://www.chess.com"]

[Event "Titled Tuesday Blitz February 14 Late 2023"]
[White "Zhigalko, Sergei"]
[Black "Jaracz, Pawel"]
[WhiteFideId "13502956"]
[BlackFideId "1102222"]
[WhiteElo "2572"]
[BlackElo "2467"]
[Result "1-0"]
[Round "07"]
[TimeControl "180+2"]
[Date "2023.02.14"]
[WhiteClock "0:00:16"]
[BlackClock "0:00:02"]

1. e4 c5 2. Nf3 e6 3. c3 Nf6 4. e5 Nd5 5. Bc4 d6 6. d4 cxd4 7. cxd4 Nb6 8. Bd3 Nc6 9. O-O dxe5 10. dxe5 Nb4 11. Be4 Qxd1 12. Rxd1 N4d5 13. Nc3 Nxc3 14. bxc3 Rb8 15. Be3 Be7 16. a4 Bd7 17. a5 Nd5 18. Bxd5 exd5 19. Bxa7 Rc8 20. Rdb1 Rxc3 21. Rxb7 Bc8 22. Rbb1 Kd7 23. a6 Ra3 24. Rxa3 Bxa3 25. Ra1 Bb4 26. Bd4 Kc6 27. h3 Kc7 28. Rc1+ Kb8 29. Rb1 1-0


[Site "https://www.chess.com"]

[Event "Titled Tuesday Blitz February 14 Late 2023"]
[White "Barp, Alberto"]
[Black "Naroditsky, Daniel"]
[WhiteFideId "872555"]
[BlackFideId "2026961"]
[WhiteElo "2432"]
[BlackElo "2618"]
[Result "0-1"]
[Round "07"]
[TimeControl "180+2"]
[Date "2023.02.14"]
[WhiteClock "0:00:07"]
[BlackClock "0:00:08"]

1. d4 Nf6 2. Nf3 g6 3. g3 Bg7 4. Bg2 O-O 5. O-O d6 6. b3 c5 7. c4 cxd4 8. Nxd4 d5 9. cxd5 Nxd5 10. Bb2 Nb4 11. Qd2 Qb6 12. Na3 Rd8 13. Nc4 Qc5 14. e3 N8c6 15. Rfc1 e5 16. a3 exd4 17. axb4 Qe7 18. Bxc6 bxc6 19. Bxd4 Bh3 20. f3 Rd5 21. Kf2 Rad8 22. Re1 Qg5 23. Rad1 h5 24. Qb2 Qf5 25. e4 Rxd4 26. Rxd4 Bxd4+ 27. Qxd4 Rxd4 28. exf5 Bxf5 29. Ra1 Rd3 30. Rxa7 Rxb3 31. Nd6 Be6 32. Rb7 Bd5 33. Ne4 Rb2+ 34. Ke3 Kg7 35. h4 c5 36. Rd7 Bxe4 37. Kxe4 cxb4 38. Rb7 b3 39. g4 hxg4 40. fxg4 Rb1 41. Kf3 Kf8 42. g5 Ke8 43. Kg2 b2 44. Kh2 Kd8 45. Kg2 Kc8 46. Rb3 Kd7 47. Rb7+ Ke6 48. Rb3 Kf5 49. Rb5+ Kg4 50. Rb4+ Kh5 51. Kh2 Rf1 52. Rxb2 Kxh4 53. Rb5 Rf2+ 54. Kg1 Rf5 55. Rxf5 gxf5 56. Kf2 Kxg5 57. Kg3 f4+ 58. Kf3 Kf5 59. Kf2 Kg4 60. Ke2 Kg3 61. Kf1 Kf3 0-1


[Site "https://www.chess.com"]

[Event "Titled Tuesday Blitz February 14 Late 2023"]
[White "Nakamura, Hikaru"]
[Black "Kravtsiv, Martyn"]
[WhiteFideId "2016192"]
[BlackFideId "14113147"]
[WhiteElo "2775"]
[BlackElo "2598"]
[Result "1-0"]
[Round "07"]
[TimeControl "180+2"]
[Date "2023.02.14"]
[WhiteClock "0:01:07"]
[BlackClock "0:00:56"]

1. Nf3 d5 2. g3 Nf6 3. Bg2 c5 4. d3 Nc6 5. Nbd2 e5 6. e4 d4 7. Nc4 Qc7 8. a4 Be6 9. b3 b6 10. O-O h6 11. Nh4 g6 12. f4 Nd7 13. Na3 exf4 14. gxf4 Qd8 15. Qe1 Be7 16. Nf5 gxf5 17. exf5 Bxf5 18. Bxc6 Kf8 19. Kh1 Qc8 20. Bf3 Nf6 21. Nc4 Rg8 22. Ne5 Ng4 23. Rg1 h5 24. h3 Nxe5 25. Qxe5 Rxg1+ 26. Kxg1 Rb8 27. Qh8# 1-0


[Site "https://www.chess.com"]

[Event "Titled Tuesday Blitz February 14 Late 2023"]
[White "Remizov, Yaroslav"]
[Black "Deac, Bogdan-Daniel"]
[WhiteFideId "34134015"]
[BlackFideId "1226380"]
[WhiteElo "2421"]
[BlackElo "2700"]
[Result "0-1"]
[Round "07"]
[TimeControl "180+2"]
[Date "2023.02.14"]
[WhiteClock "0:00:02"]
[BlackClock "0:00:16"]

1. e4 c6 2. d4 d5 3. Nc3 a6 4. h4 dxe4 5. Nxe4 Nf6 6. Nxf6+ exf6 7. Bd3 Bd6 8. Qh5 Be6 9. Ne2 Qc7 10. c4 Nd7 11. c5 Be7 12. Bf4 Qd8 13. O-O-O f5 14. Nc3 Nf6 15. Qf3 O-O 16. Be5 Qd7 17. h5 Ng4 18. Kb1 Rad8 19. h6 Nxe5 20. dxe5 g6 21. Bc4 Qc8 22. Bxe6 Qxe6 23. Qe3 Qc4 24. Rd6 Bxd6 25. cxd6 Rfe8 26. f4 Rxd6 27. g4 Rd3 28. Qe2 Rxc3 29. Qd2 Qe4+ 0-1


[Site "https://www.chess.com"]

[Event "Titled Tuesday Blitz February 14 Late 2023"]
[White "Sanal, Vahap"]
[Black "Li, Ruifeng"]
[WhiteFideId "6300545"]
[BlackFideId "2061074"]
[WhiteElo "2600"]
[BlackElo "2541"]
[Result "1-0"]
[Round "07"]
[TimeControl "180+2"]
[Date "2023.02.14"]
[WhiteClock "0:00:06"]
[BlackClock "0:00:02"]

1. Nf3 d6 2. d4 g6 3. e4 Bg7 4. Nc3 Nf6 5. h3 Nc6 6. d5 Nb8 7. Bc4 O-O 8. O-O c6 9. a4 b6 10. Re1 Bb7 11. Bg5 Nbd7 12. Qd2 a6 13. Bh6 b5 14. Bxg7 Kxg7 15. dxc6 Bxc6 16. axb5 axb5 17. Rxa8 Qxa8 18. Bxb5 Bxb5 19. Nxb5 Nxe4 20. Qd4+ Ndf6 21. c4 Qc6 22. b3 Ra8 23. Nd2 e5 24. Qe3 Nxd2 25. Qxd2 d5 26. Rxe5 dxc4 27. bxc4 Qxc4 28. Nd6 Ra1+ 29. Kh2 Qh4 30. Rg5 Kf8 31. Nf5 gxf5 32. Qd8+ Ne8 33. Rg8+ Kxg8 34. Qxh4 Ra8 35. Qg5+ Ng7 36. h4 h5 37. Qf6 Re8 38. Qb2 Re6 39. f3 Kh7 40. Kg3 Kg6 41. Qc1 f6 42. Kf2 Re8 43. Qc2 Kf7 44. Qc6 Re6 45. Qa4 Re7 46. Qc4+ Re6 47. Qb3 Kg6 48. Qb7 Re8 49. Qb1 Re6 50. g4 Re5 51. gxh5+ Nxh5 52. Qb8 f4 53. Qg8+ Kh6 54. Qc8 Kg6 55. Qc2+ Kh6 56. Qb1 Kg7 57. Kg2 Kh6 58. Kh3 Re7 59. Qb8 Re5 60. Qh8+ Kg6 61. Kg4 Ng7 62. Qg8 Kh6 63. Kxf4 Nh5+ 64. Kg4 Ng7 65. f4 Ra5 66. Qh8+ Kg6 67. Qc8 f5+ 68. Kg3 Ra3+ 69. Kg2 Re3 70. Qc6+ Kh5 71. Qf6 Re2+ 72. Kf3 Rh2 73. Qg5# 1-0


[Site "https://www.chess.com"]

[Event "Titled Tuesday Blitz February 14 Late 2023"]
[White "Rasulov, Vugar"]
[Black "Avinash, Ramesh"]
[WhiteFideId "13402390"]
[BlackFideId "45018340"]
[WhiteElo "2523"]
[BlackElo "2319"]
[Result "1/2-1/2"]
[Round "07"]
[TimeControl "180+2"]
[Date "2023.02.14"]
[WhiteClock "0:00:04"]
[BlackClock "0:00:02"]

1. Nf3 Nf6 2. c4 g6 3. b3 Bg7 4. Bb2 O-O 5. g3 c6 6. Bg2 d5 7. O-O a5 8. d3 a4 9. Na3 axb3 10. axb3 Bg4 11. Qd2 Nbd7 12. Rfb1 Bxf3 13. Bxf3 e6 14. b4 Ne8 15. Bxg7 Nxg7 16. b5 Qf6 17. Qf4 Qxf4 18. gxf4 Nf5 19. e3 Nc5 20. bxc6 bxc6 21. d4 Nd7 22. c5 Rfb8 23. Nc2 Rxa1 24. Rxa1 Nf6 25. Be2 Ne4 26. Bd3 Rb3 27. Ne1 Nh4 28. Rb1 Rxb1 29. Bxb1 Nd2 30. Bc2 Ndf3+ 31. Nxf3 Nxf3+ 32. Kf1 Nxh2+ 33. Kg2 Ng4 34. Ba4 Nf6 35. Bxc6 Kf8 36. f3 Ke7 37. Ba4 Kd8 38. Bc2 Nd7 39. Kg3 h6 40. e4 Nf6 41. f5 exf5 42. exf5 g5 43. Bb3 Nh5+ 44. Kf2 Nf4 45. Bc2 f6 46. Ba4 h5 47. Bc6 h4 48. Bb5 Kc7 49. Be8 h3 50. Kg3 Ne2+ 51. Kxh3 Nxd4 52. Kg4 Nc6 53. f4 gxf4 54. Kxf4 Na5 55. Kg4 Nb3 56. Kh5 Nxc5 57. Kg6 Ne4 58. Ba4 Kd6 59. Kh5 Ke5 60. Kg4 Nd6 61. Bc2 Nc4 62. Kf3 d4 63. Bd3 Ne3 64. Bb1 Nxf5 65. Bd3 Nd6 66. Bc2 f5 67. Bd3 Ne4 68. Bc2 Nc5 69. Bb1 Ne6 70. Bd3 Ng5+ 71. Kg3 f4+ 72. Kg4 Ne4 73. Kf3 Nd2+ 74. Ke2 Nb3 75. Bc2 Nc1+ 76. Kd2 Na2 77. Ke2 Nb4 78. Bg6 Kf6 79. Be4 Kg5 80. Kf3 d3 81. Bh7 Nc6 82. Be4 Ne5+ 83. Kf2 Kg4 84. Bd5 f3 85. Ke3 Kg3 86. Bxf3 Nxf3 87. Kxd3 1/2-1/2


[Site "https://www.chess.com"]

[Event "Titled Tuesday Blitz February 14 Late 2023"]
[White "Baskakov, Egor"]
[Black "Melkumyan, Hrant"]
[WhiteFideId "24197866"]
[BlackFideId "13302485"]
[WhiteElo "2215"]
[BlackElo "2645"]
[Result "0-1"]
[Round "07"]
[TimeControl "180+2"]
[Date "2023.02.14"]
[WhiteClock "0:00:12"]
[BlackClock "0:00:09"]

1. e4 c5 2. Nf3 Nc6 3. Nc3 e5 4. Nd5 d6 5. c3 Nf6 6. d4 Be7 7. dxe5 dxe5 8. Nxf6+ Bxf6 9. Qc2 O-O 10. Bc4 Qc7 11. Be3 Ne7 12. O-O Bd7 13. Rad1 b5 14. Bd5 Nxd5 15. exd5 Rfe8 16. Nd2 Be7 17. Ne4 Bd6 18. Nxd6 Qxd6 19. f4 Rac8 20. fxe5 Qxe5 21. Bf4 Qe2 22. Rd2 Qe4 23. Qd1 a5 24. Rdf2 b4 25. Bg3 f6 26. Rf4 Qe3+ 27. Kh1 bxc3 28. R4f3 Qd2 29. Rxc3 Qxb2 30. Rb3 Qxa2 31. Rb7 Rcd8 32. Bc7 Bc8 33. Ra7 Rxd5 34. Qf3 Rf5 35. Bf4 Qc4 36. g4 Be6 37. Kg1 Bd5 38. Qf2 Re2 39. Ra8+ Bxa8 0-1


[Site "https://www.chess.com"]

[Event "Titled Tuesday Blitz February 14 Late 2023"]
[White "Krishnan, Varun"]
[Black "Madaminov, Mukhiddin"]
[WhiteFideId "5054508"]
[BlackFideId "14210703"]
[WhiteElo "2341"]
[BlackElo "2422"]
[Result "0-1"]
[Round "07"]
[TimeControl "180+2"]
[Date "2023.02.14"]
[WhiteClock "0:00:01"]
[BlackClock "0:00:54"]

1. e4 e5 2. Nf3 Nf6 3. Nxe5 d6 4. Nf3 Nxe4 5. Qe2 Qe7 6. d3 Nf6 7. Nc3 Be6 8. Bg5 h6 9. Bh4 g5 10. Bg3 Bg7 11. h4 Nh5 12. hxg5 Nxg3 13. fxg3 hxg5 14. Rxh8+ Bxh8 15. O-O-O Nc6 16. d4 d5 17. Ne5 Nxe5 18. dxe5 c6 19. Qe3 O-O-O 20. Qxa7 Bxe5 21. Ne2 Bg4 22. Rd3 Bb8 23. Qf2 Re8 24. Rd2 f5 25. Qd4 Bxg3 26. c4 Be5 27. Qd3 d4 28. g3 Qc5 29. Bg2 Bf6 30. Nxd4 Rd8 31. Ne6 Bxb2+ 32. Kc2 Rxd3 33. Nxc5 Rxd2+ 34. Kxd2 Be5 35. Ne6 Bxg3 36. Kc3 Be5+ 37. Kb4 Bf6 38. a4 f4 39. Be4 Bxe6 0-1


[Site "https://www.chess.com"]

[Event "Titled Tuesday Blitz February 14 Late 2023"]
[White "Christiansen, Johan-Sebastian"]
[Black "Sarana, Alexey"]
[WhiteFideId "1512668"]
[BlackFideId "24133795"]
[WhiteElo "2579"]
[BlackElo "2685"]
[Result "0-1"]
[Round "07"]
[TimeControl "180+2"]
[Date "2023.02.14"]
[WhiteClock "0:00:03"]
[BlackClock "0:00:08"]

1. e4 c5 2. Nf3 d6 3. d4 cxd4 4. Nxd4 Nf6 5. Nc3 a6 6. Be3 e5 7. Nb3 Be6 8. f3 Nbd7 9. Qd2 Be7 10. O-O-O b5 11. g4 b4 12. Nd5 Bxd5 13. exd5 Nb6 14. Na5 Nbxd5 15. Nc6 Qc7 16. Nxe7 Nxe3 17. Qxe3 Kxe7 18. g5 Nh5 19. Bd3 Rhc8 20. Bf5 Rd8 21. Rhe1 Kf8 22. Qe4 g6 23. Bg4 Nf4 24. Qxb4 a5 25. Qa4 Rab8 26. Rd2 Rb4 27. Qa3 Rdb8 28. b3 Qc3 29. Kd1 Rd4 30. Rxd4 Qxd4+ 31. Kc1 Rb4 32. Re4 Qc3 33. Qxa5 Nd3+ 34. Kd1 Nf2+ 35. Kc1 Nxe4 36. fxe4 Qe1+ 37. Kb2 Rxb3+ 0-1


[Site "https://www.chess.com"]